cohdb
Replays
Latest Replays
All Replays
Popular Replays
Top Player Replays
Match Explorer
How It Works
Community
CoH3 Stats
Reddit
Sign in to upload your games and track your stats! →
Sign in with Steam
Match 42595649
Unlisted
Match 42595649
Overview
Messages
Build Orders
End
Construct Infanterie Kompanie
Selects Terror Battlegroup
Selects Machine Gun Camouflage
MG 42 Machine Gun Team
Grenadier Squad
Grenadier Squad
GrW 34 Mortar Team
Infanterie Officer Quarters
Grenadier Squad
Construct Panzergrenadier Kompanie
Grenadier Squad
Pak 40 Anti-tank Gun Team
Selects Interrogate
Selects Propaganda Leaflet Drop
Construct Panzer Kompanie
Stoßtruppen Squad
Stoßtruppen Squad
Panzer Officer Quarters
Propaganda Leaflet Drop
Selects V1 Rocket Strike
Stoßtruppen Squad
V1 Rocket Strike
Propaganda Leaflet Drop
V1 Rocket Strike
Propaganda Leaflet Drop
Phan
panther
Dark Angels
Tirant
Walther
TwistedTootsy
B Ranked Aura Farmer
我不會說中文
0
0
Comments
sign in to comment!
No comments posted yet!